 Dungeon Crawl Stone Soup version 0.18-a0-1523-gbe15c29 (webtiles) character file.

100 SlimeFever the Slasher (level 4, -1/40 HPs)
             Began as a Draconian Berserker on Mar 7, 2016.
             Was a Believer of Trog.
             Succumbed to a gnoll's poison
             ... on level 3 of the Dungeon.
             The game lasted 00:14:36 (2525 turns).

SlimeFever the Slasher (Draconian Berserker)        Turns: 2525, Time: 00:14:36

Health: -1/40      AC:  6    Str: 19 (21) XL:     4   Next: 46%
Magic:  4/4        EV: 12    Int:  4 (7)  God:    Trog [**....]
Gold:   124        SH:  0    Dex:  7 (10) Spells: 0 memorised, 3 levels left

rFire  x . .     SeeInvis +     a - +0 falchion
rCold  + . .     Gourm    .     (armour unavailable)
rNeg   . . .     Faith    .     (no shield)
rPois  .         Spirit   .     (helmet restricted)
rElec  .         Dismiss  .     f - +0 cloak
rCorr  .         Reflect  .     (no gloves)
SustAt .         Harm     .     (no boots)
MR     .....                    (no amulet)
Stlth  +.........               o - ring of ice
                                x - ring of see invisible

@: lethally poisoned (-1 -> -18), not resistant to hostile enchantments, very
unstealthy
A: unfitting armour, cold-blooded, AC +5
a: Berserk, Trog's Hand, Burn Spellbooks, Renounce Religion


You were on level 3 of the Dungeon.
You worshipped Trog.
Trog was pleased with you.
You were hungry.

You visited 1 branch of the dungeon, and saw 3 of its levels.

You collected 124 gold pieces.

Inventory:

Hand Weapons
 a - a +0 falchion (weapon)
 b - a +0 hunting sling
 j - a +2 rapier of protection
Missiles
 c - 32 sling bullets
 d - 48 arrows
 e - 13 poisoned needles
 i - 6 javelins (quivered)
Armour
 f - a +0 cloak (worn)
Jewellery
 g - an uncursed ring of fire
 l - an uncursed ring of magical power
 o - a ring of ice (right hand)
 x - a ring of see invisible (left hand)
Wands
 w - a wand of confusion (18/48)
Scrolls
 h - a scroll of amnesia
 q - 2 scrolls of identify {unknown}
 r - a scroll of teleportation {unknown}
Potions
 p - a potion of flight {unknown}
 s - a potion of might {unknown}
 t - a potion of curing {unknown}
 v - a potion of lignification {unknown}
Comestibles
 k - 4 bread rations
 m - a beef jerky


   Skills:
 + Level 3.9 Fighting
 * Level 3.9 Long Blades
 + Level 3.6 Dodging
 + Level 0.6 Stealth


You had 3 spell levels left.
You didn't know any spells.

Dungeon Overview and Level Annotations

Branches:
Dungeon (3/15)

Altars:
Fedhas
Nemelex Xobeh


Innate Abilities, Weirdness & Mutations

Your plain brown scales are hard (AC +5).
Your body does not fit into most forms of armour.
You are cold-blooded and may be slowed by cold attacks.


Message History

You barely miss the gnoll.
The gnoll is severely wounded.
You feel sick. The gnoll misses you.
The gnoll hits you from afar with a spear of venom.
* * * LOW HITPOINT WARNING * * *
You are more poisoned.
You hit the gnoll. You tail-slap the gnoll.
You kill the gnoll!
Trog accepts your kill.
* * * LOW HITPOINT WARNING * * *
You feel sick. The gnoll completely misses you.
* * * LOW HITPOINT WARNING * * *
You feel sick.
It was a potion of degeneration.
There was something very wrong with that liquid.
You feel weakened.
You feel dopey.
You feel clumsy.
* * * LOW HITPOINT WARNING * * *
You feel sick. The gnoll completely misses you.
It was a potion of magic.
Magic courses through your body.
You die...

####......#.# #....#
#.........#.# #.##.###
#.##......+.#####.#....#
#.##......#....##.####.#
########.#####.#...#..........#
....#....# #.#####..##.###..#
###.##.### #........<#.# #..#
#.##.# ###########.# #..#
#....# #.@.)......###..# ######
#.##............#
#g##.##########.#
#.##..<.........#
#.##...########## #........
#####.###. #.( .# #.. #


You could see a gnoll.

Vanquished Creatures
  2 gnolls (D:3)
  4 adders
  2 worms (D:2)
  A giant gecko (D:1)
  5 bats
  2 giant cockroaches
  6 goblins
  5 hobgoblins
  2 jackals (D:1)
  3 kobolds
  A giant newt (D:2)
  5 rats
  A fungus (D:3)
39 creatures vanquished.

Notes
Turn   | Place    | Note
--------------------------------------------------------------
     0 | D:1      | SlimeFever the Draconian Berserker began the quest for the Orb.
     0 | D:1      | Reached XP level 1. HP: 19/19 MP: 1/1
   245 | D:1      | Reached XP level 2. HP: 16/26 MP: 2/2
  1179 | D:2      | Reached XP level 3. HP: 29/33 MP: 3/3
  1642 | D:2      | Reached ** piety under Trog
  2123 | D:3      | Found a sparkling altar of Nemelex Xobeh.
  2196 | D:3      | Found a blossoming altar of Fedhas.
  2386 | D:3      | Reached XP level 4. HP: 30/40 MP: 4/4
  2523 | D:3      | HP: 2/40 [poisoned by a gnoll]
  2525 | D:3      | Succumbed to a gnoll's poison

Vault maps used:
D:1:      elethiomel_arrival_infinity_welcomes_careful_drivers,
          minmay_misc_feat_x
D:2:      first_bread
D:3:      fedhas_altar_3, nemelex_lonely_heart_becter

Skill      XL: |  1  2 |
---------------+-------+-----
Dodging        | 3 |  3.6
Fighting       | |  3.9
Long Blades    | |  3.9
Stealth        | |  0.6

Action                   |  1- 3 |  4- 6 || total
-------------------------+-------+-------++-------
Melee: Falchion          |   137 |    14 ||   151
  Use: Scroll            |     4 |       ||     4
       Potion            |       |     2 ||     2
 Stab: Sleeping          |     1 |       ||     1
  Eat: Bread ration      |     1 |       ||     1
